 Dungeon Crawl Stone Soup version 0.29.1-15-g9cfb28693d (webtiles) character file.

Game seed: 5509566786174757687

32097 Peloso the Fencer (level 13, -6/118 HPs)
             Began as a Minotaur Fighter on Mar 12, 2023.
             Was a High Priest of Okawaru.
             Mangled by an orc
             ... wielding a +1 short sword of protection
              (7 damage)
             ... on level 1 of the Orcish Mines.
             The game lasted 00:43:54 (20712 turns).

Peloso the Fencer (Minotaur Fighter)               Turns: 20712, Time: 00:43:55

Health: -6/118     AC: 23    Str: 27    XL:     13   Next: 29%
Magic:  14/14      EV: 14    Int:  5    God:    Okawaru [*****.]
Gold:   1334       SH: 19    Dex: 12    Spells: 12/12 levels left

rFire   . . .      SeeInvis .   b - +2 war axe (flame)
rCold   . . .      Faith    .   d - +0 tower shield
rNeg    . . .      Spirit   .   D - +7 scale mail of Sacha {rPois Str+3}
rPois   +          Reflect  .   (helmet restricted)
rElec   .          Harm     .   (no cloak)
rCorr   .          Rampage  .   (no gloves)
Will    .....                   w - +0 pair of boots
Stlth   ++........              o - amulet of the acrobat
HPRegen 0.29/turn               i - +4 ring of slaying
MPRegen 0.14/turn               F - +4 ring of protection

@: heroic
A: horns 2, retaliatory headbutt
a: Renounce Religion, Heroism, Finesse, Duel


You were on level 1 of the Orcish Mines.
You worshipped Okawaru.
Okawaru was extremely pleased with you.
You visited 3 branches of the dungeon, and saw 16 of its levels.
You also visited: Ossuary and Bailey.

You collected 1334 gold pieces.

Inventory:

Hand Weapons
 a - a +1 long sword
 b - a +2 war axe of flaming (weapon)
 c - a +3 dagger
Missiles
 u - 6 throwing nets (quivered)
Armour
 d - a +0 tower shield (worn)
 w - a +0 pair of boots (worn)
 x - a +2 scale mail of cold resistance
 D - the +7 scale mail of Sacha (worn) {rPois Str+3}
   (You found it on level 11 of the Dungeon)

   Str:       It affects your strength (+3).
   rPois:     It protects you from poison.
 L - +2 swamp dragon scales
 R - +1 ice dragon scales
Jewellery
 i - a +4 ring of slaying (left hand)
 j - an amulet of guardian spirit
 o - an amulet of the acrobat (around neck)
 p - a ring of resist corrosion
 v - a ring of fire
 F - a +4 ring of protection (right hand)
 G - a ring of poison resistance
 M - a +6 ring of dexterity
Wands
 k - a wand of flame (78)
 s - a wand of charming (23)
 I - a wand of iceblast (15)
 O - a wand of mindburst (8)
 Q - a wand of quicksilver (3)
 S - a wand of polymorph (8)
Scrolls
 e - 3 scrolls of fear
 f - 2 scrolls of brand weapon
 g - 7 scrolls of enchant weapon
 q - 3 scrolls of fog
 r - 6 scrolls of enchant armour
 t - 3 scrolls of immolation
 y - 4 scrolls of poison
 C - 2 scrolls of identify
 E - a scroll of teleportation
 H - 2 scrolls of amnesia
 J - 3 scrolls of magic mapping
Potions
 h - a potion of magic
 l - 3 potions of flight
 m - 3 potions of haste
 n - 5 potions of brilliance
 z - 8 potions of mutation
 A - 4 potions of curing
 B - a potion of cancellation
 K - 3 potions of invisibility
 N - a potion of resistance
 P - a potion of berserk rage


   Skills:
 + Level 12.2(17.2) Fighting
 + Level 15.0(20.0) Long Blades
 + Level 2.9(7.9) Axes
 + Level 11.7(16.7) Armour
 + Level 8.3(13.3) Dodging
 + Level 2.5(7.5) Stealth
 + Level 12.7(17.7) Shields
 + Level 3.4 Invocations


You had 12 spell levels left.
You didn't know any spells.
Your spell library contained the following spells:

 Spells                   Type           Power      Damage    Failure   Level
 Apportation              Tloc           0%         N/A       94%         1
 Necrotise                Necr           0%         1d4       94%         1
 Scorch                   Fire           0%         2d5       98%         2
 Static Discharge         Conj/Air       0%         3-3/arc   98%         2
 Sublimation of Blood     Necr           0%         N/A       98%         2
 Wereblood                Tmut           0%         N/A       98%         2
 Gell's Gravitas          Tloc           0%         N/A       100%        3
 Lesser Beckoning         Tloc           0%         N/A       100%        3
 Teleport Other           Tloc           0%         N/A       100%        3
 Vampiric Draining        Necr           0%         2d6       100%        3
 Dispel Undead            Necr           0%         3d6       100%        4
 Flame Wave               Conj/Fire      0%         2d4       100%        4
 Sticky Flame             Conj/Fire      0%         2d3       100%        4
 Agony                    Necr           0%         N/A       100%        5
 Eringya's Noxious Bog    Tmut/Pois      0%         N/A       100%        6
 Summon Small Mammal      Summ           Unusable   N/A       N/A         1
 Summon Forest            Summ/Tloc      Unusable   N/A       N/A         5
 Summon Cactus Giant      Summ           Unusable   N/A       N/A         6
 Summon Hydra             Summ           Unusable   N/A       N/A         7

Dungeon Overview and Level Annotations

Branches:
Dungeon (12/15)            Temple (0/1) D:4            Lair (3/5) D:8
  Swamp (0/4) Lair:2       Spider (0/4) Lair:3          Orc (1/2) D:11
Ossuary (visited)          Bailey (visited)

Altars:
Ashenzari
Cheibriados
Fedhas
Hepliaklqana
Kikubaaqudgha
Makhleb
Okawaru
Ru
Sif Muna
Trog
Uskayaw
Vehumet
Wu Jian
Yredelemnul
Zin

Shops:
D:3 [   D:10 *   D:11 ([


Innate Abilities, Weirdness & Mutations

You have a pair of horns on your head.
You reflexively headbutt those who attack you in melee.


Message History

The orc warlord roars a battlecry!
The orc goes into a battle-frenzy!
The orc warrior hits you with a +2 vorpal hand axe.
The orc warrior closely misses you. You furiously retaliate!
You headbutt the orc warrior!
You kill the orc warrior!
Okawaru accepts your kill.
You barely miss the orc warlord.
The orc warlord is heavily wounded.
You hit the orc warrior but do no damage.
You block the orc warrior's attack.
The orc warlord hits you with a +0 vorpal long sword.
The orc warrior closely misses you. You furiously retaliate!
You headbutt the orc warrior.
You hit the orc warlord but do no damage.
The orc warlord is heavily wounded.
You hit the orc warrior but do no damage.
The orc warrior no longer looks unusually strong.
You block the orc warrior's attack. You block the orc warlord's attack.
You block the orc warrior's attack.
Unknown command.
You slice the orc warlord!! You burn the orc warlord!
You headbutt the orc warlord!
The orc warlord is almost dead.
You hit the orc but do no damage. You hit the orc warrior.
You burn the orc warrior. You block the orc warrior's attack.
You block the orc's attack. The orc warlord misses you.
You block the orc warrior's attack.
You barely miss the orc warlord.
The orc warlord is almost dead.
You hit the orc warrior but do no damage.
You hit the orc but do no damage.
The orc warrior no longer looks unusually strong.
The orc warrior hits you from afar with a +0 halberd.
* * * LOW HITPOINT WARNING * * *
The orc warlord hits you with a +0 vorpal long sword!!
* * * LOW HITPOINT WARNING * * *
x2 You block the orc's attack.
You block the orc warrior's attack. x2
The orc hits you with a +1 short sword of protection!
You die...

..........#.....#.#.
##...........#.......
##...................
...................#
.....$............##
.....$.............##
.....o.........))...##
......)oo.<...)))....##
#.....o@).....>)).......
......†...........#.....
.......#..$.............
...................#....
######.##..##.##..####.#
## ########### ##


You could see an orc warlord, 2 orc warriors and an orc (strong).

Vanquished Creatures
  A boulder beetle (D:12)
  Harold (Lair:2)
  2 hydras (Lair:3)
  6 two-headed ogres
  A bog body (Lair:2)
  4 orc knights (Bailey)
  An ugly thing (D:12)
  3 cyclopes (D:12)
  3 elephants (Lair:1)
  3 cane toads
  A black mamba (Lair:2)
  A torpor snail (Lair:3)
  Maggie (Lair:1)
  An unseen horror (D:10)
  A rime drake (Lair:3)
  2 kobold demonologists
  2 komodo dragons
  2 trolls
  3 polar bears
  5 blink frogs (Lair:3)
  A shadow (D:11)
  33 yaks
  2 basilisks
  3 wraiths
  A wyvern (Lair:1)
  3 steam dragons
  12 vampire mosquitoes
  A redback (Lair:3)
  2 wargs (Orc:1)
  Edmund (D:6)
  An acid dragon (D:10)
  10 water moccasins
  6 black bears
  A sky beast (D:7)
  12 orc warriors
  2 ice beasts
  9 wolves
  4 centaurs
  A phantom (D:6)
  An elf zombie (Ossuary)
  11 bullfrogs
  A gnoll sergeant (D:10)
  3 scorpions
  13 wights
  21 killer bees
  3 electric eels
  A howler monkey (D:9)
  3 orc priests
  2 hounds
  2 gnoll boudas
  3 iron imps (D:9)
  Ijyb (D:3)
  8 iguanas
  6 orc wizards
  3 mummies (Ossuary)
  13 adders
  16 gnolls
  2 white imps
  An ufetubus (D:7)
  2 dart slugs
  57 orcs
  6 endoplasms
  5 giant cockroaches
  A gnoll zombie (Ossuary)
  A goblin (D:4)
  5 hobgoblins
  3 jackals
  11 kobolds
  3 quokkas
  10 ball pythons
  A bat (D:2)
  5 frilled lizards
  4 goblin zombies
  3 hobgoblin zombies (Ossuary)
  3 kobold zombies (Ossuary)
  7 rats
390 creatures vanquished.

Vanquished Creatures (others)
  40 fungi
  42 plants
82 creatures vanquished.

Grand Total: 472 creatures vanquished

Notes
Turn   | Place    | Note
-------+----------+-------------------------------------------
     0 | D:1      | Peloso the Minotaur Fighter began the quest for the Orb.
     0 | D:1      | Reached XP level 1. HP: 19/19 MP: 0/0
   201 | D:1      | You fall into a shaft and drop 1 floor!
   202 | D:2      | Noticed a hound
   207 | D:2      | Killed a hound
   208 | D:2      | Reached XP level 2. HP: 27/27 MP: 1/1
   208 | D:2      | Reached XP level 3. HP: 33/33 MP: 2/2
  1234 | D:2      | Reached skill level 3 in Long Blades
  1296 | D:2      | Reached XP level 4. HP: 41/41 MP: 3/3
  1485 | D:2      | Found a faded altar of an unknown god.
  1587 | D:2      | Found an iron altar of Okawaru.
  1681 | D:2      | Became a worshipper of Warmaster Okawaru
  2033 | D:3      | Found Ulas's Armour Emporium.
  2219 | D:3      | Found a broken altar of Ashenzari.
  2390 | D:3      | Reached skill level 4 in Long Blades
  2445 | D:3      | Noticed a +0 spear
  2480 | D:3      | Found a hide-covered altar of Uskayaw.
  2480 | D:3      | Noticed a +0 falchion
  2480 | D:3      | Noticed a +0 dagger
  2481 | D:3      | Noticed a +0 short sword
  2481 | D:3      | Noticed a +0 spear
  2481 | D:3      | Noticed a +0 falchion
  2488 | D:3      | Noticed a +0 dagger
  2489 | D:3      | Noticed a +0 short sword
  2540 | D:3      | Noticed Ijyb
  2551 | D:3      | Killed Ijyb
  2552 | D:3      | Reached XP level 5. HP: 41/47 MP: 4/4
  2646 | D:3      | Identified the +1 robe of Circular Logic {Str+2 Int+4}
  2758 | D:3      | Found a shimmering blue altar of Sif Muna.
  3084 | D:4      | Reached skill level 5 in Armour
  3235 | D:4      | Found a sand-covered staircase.
  3286 | Ossuary  | Entered an ossuary
  3286 | Ossuary  | Noticed a wraith
  3286 | Ossuary  | Noticed a wraith
  3286 | Ossuary  | Noticed a wraith
  3610 | Ossuary  | Noticed a wraith
  3629 | Ossuary  | Killed a wraith
  3629 | Ossuary  | Reached * piety under Okawaru
  3630 | Ossuary  | Reached skill level 5 in Fighting
  3630 | Ossuary  | Reached skill level 5 in Long Blades
  3630 | Ossuary  | Reached skill level 1 in Dodging
  3630 | Ossuary  | Reached XP level 6. HP: 27/56 MP: 5/5
  4482 | D:4      | Found an iron altar of Okawaru.
  4538 | D:4      | Found a staircase to the Ecumenical Temple.
  4734 | D:4      | Found a basalt altar of Yredelemnul.
  4750 | D:4      | Reached XP level 7. HP: 61/61 MP: 6/6
  4758 | D:4      | Reached skill level 6 in Long Blades
  4940 | D:4      | Found the +7 staff of the Meek {protect, meekguard}
  4955 | D:4      | Reached ** piety under Okawaru
  5151 | D:5      | Entered Level 5 of the Dungeon
  5344 | D:5      | Found a bloodstained altar of Trog.
  5354 | D:5      | Reached skill level 7 in Long Blades
  5481 | D:5      | Reached XP level 8. HP: 70/70 MP: 7/7
  5526 | D:5      | Found a sacrificial altar of Ru.
  5562 | D:5      | Reached skill level 5 in Shields
  5606 | D:5      | Reached skill level 8 in Long Blades
  6535 | D:6      | Reached *** piety under Okawaru
  6536 | D:6      | Reached skill level 9 in Long Blades
  6735 | D:6      | Noticed Edmund
  6744 | D:6      | Killed Edmund
  6949 | D:7      | Found a snail-covered altar of Cheibriados.
  7082 | D:7      | Reached skill level 1 in Stealth
  7152 | D:7      | Reached XP level 9. HP: 77/78 MP: 8/8
  7315 | D:7      | Reached skill level 10 in Long Blades
  7642 | D:7      | Found a hazy altar of Hepliaklqana.
  8120 | D:7      | HP: 3/79 [yak (8)]
  8419 | D:8      | Reached **** piety under Okawaru
  8630 | D:8      | Found a staircase to the Lair.
  8652 | D:8      | Reached skill level 11 in Long Blades
  8771 | D:8      | Reached XP level 10. HP: 51/88 MP: 9/9
 10472 | D:9      | Found an ancient bone altar of Kikubaaqudgha.
 10504 | D:9      | Reached skill level 12 in Long Blades
 10658 | D:9      | Found an ornate altar of the Wu Jian Council.
 10827 | D:9      | Noticed a two-headed ogre
 10836 | D:9      | Killed a two-headed ogre
 10836 | D:9      | Reached ***** piety under Okawaru
 10837 | D:9      | Reached skill level 1 in Invocations
 10954 | D:9      | Reached skill level 5 in Dodging
 10962 | D:9      | Found a burning altar of Makhleb.
 11326 | D:10     | Entered Level 10 of the Dungeon
 11327 | D:10     | Found a radiant altar of Vehumet.
 11361 | D:10     | Reached skill level 13 in Long Blades
 11408 | D:10     | Reached skill level 10 in Armour
 11408 | D:10     | Reached XP level 11. HP: 11/97 MP: 6/11
 11452 | D:10     | Noticed a two-headed ogre
 11477 | D:10     | Killed a two-headed ogre
 11632 | D:10     | Found a flagged portal.
 11710 | Bailey   | Entered a bailey
 11730 | Bailey   | Received a gift from Okawaru
 12140 | Bailey   | Noticed an orc knight
 12193 | Bailey   | Killed an orc knight
 12201 | Bailey   | Noticed an orc knight
 12201 | Bailey   | Noticed an orc knight
 12214 | Bailey   | Noticed an orc knight
 12220 | Bailey   | Killed an orc knight
 12239 | Bailey   | Killed an orc knight
 12239 | Bailey   | HP: 4/97 [orc knight/+0 glaive (22)]
 12374 | Bailey   | Killed an orc knight
 12675 | D:10     | Noticed a two-headed ogre
 12694 | D:10     | Killed a two-headed ogre
 12841 | D:10     | Found Ymicw's Elemental Accessories.
 13100 | D:10     | Found a glowing silver altar of Zin.
 13100 | D:10     | Noticed an angel
 13380 | D:10     | Found a blossoming altar of Fedhas.
 13537 | D:11     | Found Aptastra's Armour Shop.
 13537 | D:11     | Found a staircase to the Orcish Mines.
 13537 | D:11     | Found Hicseseo's Weapon Shop.
 13845 | D:10     | Reached skill level 14 in Long Blades
 13882 | D:11     | Reached skill level 10 in Fighting
 13899 | D:11     | Identified the +7 scale mail of Sacha {rPois Str+3}
 14005 | D:11     | Noticed a two-headed ogre
 14016 | D:11     | Killed a two-headed ogre
 14217 | D:11     | Noticed a two-headed ogre
 14230 | D:11     | Killed a two-headed ogre
 14431 | D:11     | Reached XP level 12. HP: 94/106 MP: 10/13
 14729 | Lair:1   | Entered Level 1 of the Lair of Beasts
 14972 | Lair:1   | Reached skill level 10 in Shields
 15744 | Lair:1   | Noticed Maggie
 15757 | Lair:1   | Killed Maggie
 16445 | Lair:2   | Found a staircase to the Swamp.
 16668 | Lair:2   | Noticed Harold
 16687 | Lair:2   | Killed Harold
 16687 | Lair:2   | Received a gift from Okawaru
 17502 | Lair:3   | Noticed a six-headed hydra
 17508 | Lair:3   | Killed a four-headed hydra
 17518 | Lair:3   | Received a gift from Okawaru
 17756 | Lair:3   | Reached skill level 1 in Axes
 17838 | Lair:3   | Found a hole to the Spider Nest.
 18260 | Lair:3   | Noticed a six-headed hydra
 18270 | Lair:3   | Killed a two-headed hydra
 18271 | Lair:3   | Reached XP level 13. HP: 62/117 MP: 14/14
 19923 | D:12     | Reached skill level 15 in Long Blades
 20627 | Orc:1    | Entered Level 1 of the Orcish Mines
 20696 | Orc:1    | Noticed an orc warlord
 20712 | Orc:1    | HP: 1/118 [orc warlord/+0 vorpal long sword (8)]
 20712 | Orc:1    | Mangled by an orc

Illustrated notes

Levels and vault maps discovered:
D:1:      ncdulo_halloftheorcs, layout_basic
D:2:      layout_loops_corners, ebering_ecumenical_altar_hall, basic_altar
D:3:      wad_river_or_something, layout_basic,
          mainiacjoe_overflow_small_starburst, nicolae_uskayaw_en_pointe,
          nicolae_sif_muna_little_library, serial_shops, shop_fountains,
          minmay_misc_feat_secret_circle, uniq_ijyb
D:4:      kennysheep_spiral_hall, layout_basic, kennysheep_little_box,
          nicolae_overflow_hidden_temple, minmay_temple_entry_gardened_gates,
          enter_ossuary_4, pf_guarded_unrand_meek
D:5:      layout_basic, trog_ov_bears_minmay,
          nicolae_ru_great_annihilating_truth
D:6:      nicolae_cairo_tiling_large_dashed, layout_loops_ring, uniq_edmund
D:7:      cheibrodos_steamvent, layout_basic, marbit_many_paths,
          lemuel_round_altar
D:8:      layout_basic, due_lair_maze_entry_diamond, serial_glass,
          glass_columns_b, glass_columns_b, dreamdust_princess_bridge,
          kennysheep_small_circle
D:9:      layout_roguey, mainiacjoe_overflow_six_doors_small, demons_altar,
          overflow_temple_1_default
D:10:     layout_basic, mainiacjoe_overflow_catwalk, zin_angel,
          nicolae_vehumet_radiance, enter_bailey_2, st_stairs_4,
          chequers_decorated_corner, corner_web_ring, nicolae_elemental_shop,
          grunt_decor_junction, minmay_misc_feat_pillars
D:11:     layout_basic, orc_david_3
D:12:     layout_grid_maze
Lair:1:   layout_layer_cave, infiniplex_staircase_pool, uniq_maggie
Lair:2:   layout_gridlike, skrybe_swamp_entry_bodies, uniq_harold
Lair:3:   layout_misc_corridors, spider_nest_entry_webs,
          small_statue_intersection, beast_lair_carwin_2, lemuel_fruit_tree,
          grunt_megastairs_3, lemuel_fruit_fields
Orc:1:    layout_caves, serial_shops, nicolae_shop_overgrown_old_shop

Skill      XL: |  1  2  3  4  5  6  7  8  9 10 11 12 13 |
---------------+----------------------------------------+-----
Fighting       | 4 5 6 7 9 10 11 12 | 12.2
Armour         | 4 5 6 7 9 10 11 | 11.7
Shields        | 4 5 6 7 9 12 | 12.7
Long Blades    | 3 4 5 7 9 11 13 14 15 | 15.0
Dodging        | 1 2 3 5 6 7 8 |  8.3
Stealth        | 1 2 |  2.5
Invocations    | 1 3 |  3.4
Axes           | 2 |  2.9

Action                   |  1- 3 |  4- 6 |  7- 9 | 10-12 | 13-15 || total
-------------------------+-------+-------+-------+-------+-------++-------
Melee: Long sword        |    61 |   170 |   338 |   815 |   104 ||  1488
       Headbutt          |     5 |    38 |    62 |   202 |    40 ||   347
       War axe           |       |       |       |    16 |    22 ||    38
Invok: Heroism           |       |       |     3 |    32 |     3 ||    38
       Finesse           |       |       |       |     1 |       ||     1
Evoke: Wand              |       |       |       |     1 |       ||     1
  Use: Potion            |     1 |     2 |     1 |    10 |       ||    14
       Scroll            |       |    14 |     4 |    12 |     3 ||    33
 Stab: Invisible         |       |       |     1 |       |       ||     1
Armor: Scale mail        |    24 |    65 |   177 |   291 |    32 ||   589
Dodge: Dodged            |    32 |    89 |   208 |   504 |    60 ||   893
Block: Buckler           |    14 |    28 |    73 |   180 |       ||   295
       Tower shield      |       |       |       |   343 |   124 ||   467
